AoeStats
← Sieants

Arabia

509059638Analyzed
1v1 RM · 9d ago on Sep 25, 2026· 40m 33s· 2 players
Game mode
Random Map
Map size
Tiny (2 player)
Population
200
Speed
Normal
Resources
Standard
Victory
Conquest
Starting age
Dark Age
Ending age
Imperial Age
RankedLock teamsTeams togetherTeam positionsShared explorationLock speedFull tech treeHidden civsTurbo modeCheats
Victory
Defeat
🇨🇳 Celts · China
1367
+14
🇪🇸 Celts · Spain
1328
-14
Sieants
7:49 Loom
11:44 Feudal Age
12:39 Man-at-Arms
13:48 Town Watch
15:00 Horse Collar
19:21 Wheelbarrow
19:02 Padded Archer Armor
22:12 Castle Age
21:11 Fletching
21:18 Double-Bit Axe
22:35 Scale Barding Armor
22:40 Gold Mining
22:45 Elite Skirmisher
27:08 Bow Saw
29:46 Chain Barding Armor
29:35 Bodkin Arrow
34:25 Leather Archer Armor
37:00 Gold Shaft Mining
41:28 Imperial Age
42:21 Imperial Age
llllso
5:11 Loom
9:09 Feudal Age
10:29 Double-Bit Axe
13:56 Horse Collar
17:17 Fletching
18:12 Padded Archer Armor
24:30 Castle Age
22:54 Stone Mining
22:57 Gold Mining
25:45 Bow Saw
26:07 Crossbowman
26:43 Bodkin Arrow
27:44 Scale Barding Armor
31:55 Town Watch
33:03 Leather Archer Armor
33:30 Husbandry
34:32 Chain Barding Armor
35:25 Forging
37:32 Iron Casting
37:38 Scale Mail Armor
40:50 Wheelbarrow
42:56 Imperial Age
Connection lost

Rejoining the realm…

Still unreachable

The connection could not be restored.

Session expired

The server has moved on; the page needs a fresh start.